 Dungeon Crawl Stone Soup version 0.24.0-10-g970556be89 (console) character file.

Game seed: 2614307426287133039, levelgen mode: deterministic

260 AlterAsc the Changer (level 5, -1/40 HPs)
             Began as a Draconian Transmuter on Nov 3, 2019.
             Slain by a worker ant (7 damage)
             ... on level 3 of the Dungeon.
             The game lasted 00:07:15 (2870 turns).

AlterAsc the Changer (Draconian Transmuter)         Turns: 2870, Time: 00:07:15

Health: -1/40      AC:  5    Str: 13    XL:     5   Next: 95%
Magic:  10/10      EV: 12    Int: 14    God:
Gold:   167        SH:  0    Dex: 11    Spells: 8/11 levels left

rFire    . . .     SeeInvis .     - Unarmed
rCold    . . .     Gourm    .   (no shield)
rNeg     . . .     Faith    .   (armour unavailable)
rPois    .         Spirit   .   (helmet restricted)
rElec    .         Reflect  .   (no cloak)
rCorr    .         Harm     .   (no gloves)
MR       .....                  (no boots)
Stlth    +.........             (no amulet)
HPRegen  0.13/turn              (no ring)
MPRegen  0.12/turn              (no ring)

@: no status effects
A: unfitting armour, cold-blooded, AC +5
a: no special abilities


You were on level 3 of the Dungeon.
You were not hungry.

You visited 1 branch of the dungeon, and saw 3 of its levels.

You collected 167 gold pieces.

Inventory:

Missiles
 a - 19 arrows
Jewellery
 k - an uncursed ring of fire
Scrolls
 b - a scroll of blinking {unknown}
 e - a scroll of noise {unknown}
 h - a scroll of random uselessness {unknown}
 i - a scroll of enchant weapon {unknown}
 j - a scroll of fear {unknown}
 l - a scroll of fog
Potions
 d - a potion of curing {unknown}
 f - a potion of mutation {unknown}
 g - 2 potions of haste {unknown}
Comestibles
 c - 3 rations
 m - 2 chunks of flesh


   Skills:
 - Level 1.1 Fighting
 - Level 1.7 Dodging
 + Level 4.0 Unarmed Combat
 * Level 3.9 Spellcasting
 * Level 4.2 Transmutations


You had 8 spell levels left.
You knew the following spells:

 Your Spells              Type           Power        Failure   Level  Hunger
a - Beastly Appendage     Tmut           ##....       3%          1    None
b - Sticks to Snakes      Tmut           ##......     5%          2    ##.....

Your spell library contained the following spells:

 Spells                   Type           Power        Failure   Level  Hunger
 Spider Form              Tmut/Pois      #.........   24%         3    ###....
 Ice Form                 Ice/Tmut       #.......     63%         4    ####...
 Blade Hands              Tmut           ##........   67%         5    ######.


Dungeon Overview and Level Annotations

Branches:
Dungeon (3/15)

Altars:


Innate Abilities, Weirdness & Mutations

Your plain brown scales are hard. (AC +5)
You cannot fit into any form of body armour.
You are cold-blooded and may be slowed by cold attacks.


Message History

You hit the orc priest.
You tail-slap the orc priest, but do no damage.
The orc priest is almost dead.
The orc priest hits you with a +0 hand axe.
* * * LOW HITPOINT WARNING * * *
The orc hits you.
* * * LOW HITPOINT WARNING * * *
You hit the orc priest.
You kill the orc priest!
Your Unarmed Combat skill increases to level 4!
The orc barely misses you. The worker ant barely misses you.
An orc comes into view. It is wielding a +0 hand axe.
The orc shouts!
The worker ant closely misses you.
An orc comes into view. It is wielding a +0 falchion.
The orc shouts!
Found a scroll of remove curse.
The orc completely misses you. The worker ant bites you!
You die...

#.# #.# #.# #.# #
#.###)####.#
#....รท.....#
###.....####
#.....# ## #.....#
.# #.....# ##.##
#.##.## ##@o.####
#.#.#.####.ao......
#..#.....w.....####
##.##.##.##o....#
#......)........#
##.##.##o####.#.# #
#......# .#.# ##
#.#.###.# .... .#
##.## .# ##. #


You could see a worm, a worker ant and 3 orcs.

Vanquished Creatures
  A howler monkey (D:3)
  An orc priest (D:3)
  2 gnolls (D:2)
  8 adders
  A dart slug (D:2)
  3 leopard geckos
  An orc (D:3)
  A ball python (D:2)
  3 giant cockroaches
  11 goblins
  6 hobgoblins
  8 quokkas
  4 bats
  7 frilled lizards
  10 kobolds
  5 rats
72 creatures vanquished.

Vanquished Creatures (collateral kills)
  Jessica (D:2)
1 creature vanquished.

Grand Total: 73 creatures vanquished

Notes
Turn   | Place    | Note
-------+----------+-------------------------------------------
     0 | D:1      | AlterAsc the Draconian Transmuter began the quest for the
                  | Orb.
     0 | D:1      | Reached XP level 1. HP: 16/16 MP: 3/3
   434 | D:1      | Reached XP level 2. HP: 23/23 MP: 3/5
  1040 | D:2      | Learned a level 2 spell: Sticks to Snakes
  1053 | D:2      | Reached XP level 3. HP: 19/28 MP: 5/7
  1244 | D:2      | Found a faded altar of an unknown god.
  1592 | D:2      | Reached XP level 4. HP: 34/35 MP: 8/8
  1963 | D:2      | Noticed Jessica
  1970 | D:2      | Killed Jessica
  2209 | D:2      | Reached XP level 5. HP: 32/40 MP: 8/10
  2870 | D:3      | Slain by a worker ant

Levels and vault maps discovered:
D:1:      psy_arrival_whirlpool, layout_loops_ring
D:2:      wad_woods_tower, layout_basic, chequers_ecumenical_altar_simple,
          serial_aquarium, aquarium_bridge_straight [aquarium_subvault_bridge,
          aquarium_subvault_balcony, aquarium_subvault_bridge,
          aquarium_subvault_wall], aquarium_bridge_island_small
          [aquarium_subvault_small_open, aquarium_subvault_wall,
          aquarium_subvault_balcony, aquarium_subvault_bridge,
          aquarium_subvault_bridge], aquarium_window_2, aquarium_window_1,
          aquarium_window_2, aquarium_view_2c, aquarium_pool_2, uniq_jessica
D:3:      layout_loops_ring, hangedman_feature_mirror

Skill      XL: |  1  2  3  4  5 |
---------------+----------------+-----
Transmutations | 3 4 |  4.2
Spellcasting   | 3 |  3.9
Unarmed Combat | 4 |  4.0
Fighting       | |  1.1
Dodging        | |  1.7

Action                   |  1- 3 |  4- 6 || total
-------------------------+-------+-------++-------
Melee: Unarmed           |   144 |   147 ||   291
       Kick              |     9 |     7 ||    16
       Punch             |     1 |     1 ||     2
       Tailslap          |    10 |    16 ||    26
       Headbutt          |     6 |     6 ||    12
 Cast: Beastly Appendage |    34 |    19 ||    53
       Sticks to Snakes  |       |     1 ||     1
  Use: Scroll            |       |     2 ||     2
  Eat: Chunk             |     3 |     4 ||     7
Armor: Skin              |    33 |    26 ||    59
Dodge: Dodged            |    75 |    96 ||   171
